 Dungeon Crawl Stone Soup version 0.20-a0-927-g1ae2c61 (webtiles) character file.

63 M4edhros the Sneak (level 4, -1/28 HPs)
             Began as an Octopode Artificer on Mar 29, 2017.
             Slain by a gnoll
             ... wielding a +0 spear
              (11 damage)
             ... on level 3 of the Dungeon.
             The game lasted 00:01:52 (1140 turns).

M4edhros the Sneak (Octopode Artificer)             Turns: 1140, Time: 00:01:53

Health: -1/28      AC:  1    Str: 11    XL:     4   Next: 9%
Magic:  6/6        EV: 13    Int: 13    God:
Gold:   83         SH:  0    Dex: 13    Spells: 3/3 levels left

rFire    . . .     SeeInvis .   a - +0 short sword
rCold    . . .     Gourm    .   (no shield)
rNeg     . . .     Faith    .   (helmet restricted)
rPois    .         Spirit   .   j - amulet of magic regeneration
rElec    .         Reflect  .   (no ring)
rCorr    .         Harm     .   (no ring)
MR       .....                  (no ring)
Stlth    ++++......             (no ring)
Regen    0.1/turn               (no ring)
MPRegen  0.2/turn               (no ring)
                                (no ring)
                                (no ring)

@: no status effects
A: almost no armour, stealthy swim, amphibious, 8 rings, constrict 8, camouflage
1, gelatinous body 1
a: no special abilities


You were on level 3 of the Dungeon.
You were hungry.

You visited 1 branch of the dungeon, and saw 3 of its levels.

You collected 83 gold pieces.

Inventory:

Hand Weapons
 a - a +0 short sword (weapon)
Jewellery
 j - an amulet of magic regeneration (around mantle)
 s - an uncursed ring of magical power {unknown}
Wands
 b - a wand of flame (15/48)
 c - a wand of enslavement (12/24)
 d - a wand of random effects (14/48)
Scrolls
 e - 4 scrolls of remove curse {unknown}
 g - 2 scrolls of identify {unknown}
 i - a scroll of teleportation {unknown}
 k - a scroll of fear {unknown}
 l - a scroll of amnesia {unknown}
 p - a scroll of enchant weapon {unknown}
Potions
 h - 2 potions of agility {unknown}
 n - a potion of berserk rage {unknown}
 r - a potion of heal wounds {unknown}
Comestibles
 f - 2 bread rations
 o - a meat ration
 q - a royal jelly


   Skills:
 - Level 1.0 Fighting
 - Level 1.0 Short Blades
 - Level 2.0 Dodging
 + Level 5.5 Stealth
 - Level 3.2 Evocations


You had 3 spell levels left.
You didn't know any spells.

Dungeon Overview and Level Annotations

Branches:
Dungeon (3/15)

Altars:


Innate Abilities, Weirdness & Mutations

You cannot wear most types of armour.
You are very stealthy in the water. (Stealth+)
You are amphibious.
You can wear up to eight rings at the same time.
You can use your tentacles to constrict eight enemies at once.
Your skin changes colour to match your surroundings (Stealth+).
Your rubbery body absorbs attacks. (AC +1, EV +1)


Message History

There are monsters nearby!
The helpless gnoll fails to defend itself.
You puncture the gnoll! You grab the gnoll.
The gnoll is severely wounded.
You constrict the gnoll. The gnoll hits you with a club!
The gnoll shouts!
You hit the gnoll.
You kill the gnoll!
You have reached level 4!
You hear a shout! x2
The gnoll barely misses you.
A gnoll and a kobold come into view.
The gnoll hits you with a spear!
Found 9 gold pieces.
You are too injured to fight recklessly!
You hit the gnoll. You grab the gnoll.
The gnoll is lightly wounded.
You constrict the gnoll.
The teleport trap disappears.
The quokka disappears!
The gnoll hits you with a spear!
You die...

.. ......$ #.
....... ..
.....#. .
.......
##.###....K..
##..#.ยง.$...#.
#...g......<..
#.@g..#
#.####.... #.#
# ..# ....
...## ....
..... #$....


You could see 2 gnolls and a kobold.

Vanquished Creatures
  A gnoll (D:3)
  An adder (D:2)
  2 oozes (D:1)
  A dart slug (D:1)
  2 worms (D:2)
  4 goblins
  A hobgoblin (D:1)
  3 kobolds (D:1)
  A quokka (D:2)
  2 ball pythons (D:1)
  3 bats
  7 rats
28 creatures vanquished.

Vanquished Creatures (collateral kills)
  An adder (D:2)
1 creature vanquished.

Vanquished Creatures (others)
  An adder (D:2)
1 creature vanquished.

Grand Total: 30 creatures vanquished

Notes
Turn   | Place    | Note
-------+----------+-------------------------------------------
     0 | D:1      | M4edhros the Octopode Artificer began the quest for the Orb.
     0 | D:1      | Reached XP level 1. HP: 13/13 MP: 3/3
    37 | D:1      | Reached skill level 2 in Stealth
   188 | D:1      | Reached skill level 3 in Stealth
   188 | D:1      | Reached XP level 2. HP: 15/18 MP: 4/4
   415 | D:1      | Reached skill level 4 in Stealth
   518 | D:1      | Reached XP level 3. HP: 21/23 MP: 5/5
   787 | D:2      | Reached skill level 5 in Stealth
  1138 | D:3      | Reached XP level 4. HP: 19/28 MP: 6/6
  1140 | D:3      | Slain by a gnoll

Vault maps used:
D:1:      erik_arrival_blinker_ship, grunt_decor_arrowhead, minivault_24,
          nemelex_xobeh_ov_fountains_minmay
D:2:      lemuel_crystal_altar
D:3:      kennysheep_generic_room_16, uniq_jessica

Skill      XL: |  1  2  3 |
---------------+----------+-----
Stealth        | 3 4 5 |  5.5
Fighting       | |  1.0
Short Blades   | |  1.0
Dodging        | |  2.0
Evocations     | |  3.2

Action                   |  1- 3 |  4- 6 || total
-------------------------+-------+-------++-------
Melee: Short sword       |    52 |     1 ||    53
       Constrict         |    13 |     1 ||    14
       Tentacles         |     8 |       ||     8
Evoke: Wand              |     4 |       ||     4
 Stab: Sleeping          |     9 |       ||     9
Armor: Skin              |     7 |       ||     7
Dodge: Dodged            |    29 |     1 ||    30
